 Dungeon Crawl Stone Soup version 0.30-a0-883-g5ad918d77d (webtiles) character file.

Game seed: 9112975561002113008

604 Demosthentine the Ducker (level 7, -10/53 HPs)
             Began as a Demonspawn Gladiator on Mar 15, 2023.
             Mangled by an ogre
             ... wielding a +0 giant club
              (15 damage)
             ... on level 5 of the Dungeon.
             The game lasted 00:04:29 (4003 turns).

Demosthentine the Ducker (Demonspawn Gladiator)     Turns: 4003, Time: 00:04:30

Health: -10/53     AC:  8    Str: 16    XL:     7   Next: 18%
Magic:  7/7        EV: 13    Int:  9    God:
Gold:   226        SH:  4    Dex: 15    Spells: 6/6 levels left

rFire   . . .      SeeInvis .    a - +0 trident (heavy)
rCold   . . .      Faith    .    (no shield)
rNeg    . . .      Spirit   .    b - +0 leather armour
rPois   .          Reflect  .    c - +0 helmet
rElec   .          Rampage  .    g - scarf {repulsion}
rCorr   .                        q - +1 pair of gloves
Will    +....                    (no boots)
Stlth   +                        (no amulet)
HPRegen 0.28/turn                o - ring of willpower
MPRegen 0.10/turn                (no ring)

@: repel missiles
A: claws 1, sharp scales 2, condensation shield
a: no special abilities


You were on level 5 of the Dungeon.
You visited 1 branch of the dungeon, and saw 5 of its levels.
You also visited: Sewer.

You collected 226 gold pieces.

Inventory:

Hand Weapons
 a - a +0 heavy trident (weapon)
Missiles
 e - a javelin (quivered)
Armour
 b - a +0 leather armour (worn)
 c - a +0 helmet (worn)
 g - a scarf of repulsion (worn)
 k - a +0 buckler
 q - a +1 pair of gloves (worn)
Jewellery
 o - a ring of willpower (left hand)
 t - an amulet of faith
Scrolls
 m - a scroll of amnesia
 v - 2 scrolls of fog
Potions
 f - 2 potions of flight {unknown}
 h - a potion of resistance
 i - a potion of berserk rage
 j - a potion of ambrosia
 l - 2 potions of brilliance {unknown}
 n - 2 potions of haste {unknown}
 p - 2 potions of invisibility {unknown}
 u - a potion of magic
 z - a potion of cancellation {unknown}
 A - 2 potions of heal wounds


   Skills:
 + Level 3.9 Fighting
 + Level 4.2 Polearms
 - Level 1.7 Throwing
 + Level 2.9 Armour
 + Level 4.2 Dodging
 + Level 2.5 Shields


You had 6 spell levels left.
You didn't know any spells.
Your spell library contained the following spells:

 Spells                   Type           Power      Damage    Failure   Level
 Passage of Golubria      Tloc           0%         N/A       99%         4
 Silence                  Hex/Air        0%         N/A       100%        5
 Lehudib's Crystal Spear  Conj/Erth      0%         10d2      100%        8


Dungeon Overview and Level Annotations

Branches:
Dungeon (5/15)              Sewer (visited)
 Temple: D:4-7

Altars:
Gozag
Qazlal
Yredelemnul

Shops:
D:1 =


Innate Abilities, Weirdness & Mutations

You have sharp fingernails.
You are mostly covered in razor-sharp scales. (AC +2, Slay +2)
A meltable shield of frost defends you. (SH +4)


Message History

You kill Natasha!
Natasha screams in pain as she dies!
The shadow imp disappears in a puff of smoke! x2
The crimson imp disappears in a puff of smoke!
Unknown command.
Done exploring.
Done exploring.
Done exploring.
Done exploring.
Done exploring.
Okay, then.
(D) Dungeon
Where to? (Enter - D:4, ? - help)
What level of the Dungeon? (default 1, ? - help)
You see here a +0 dagger.
There is a stone staircase leading down here.
You climb downwards.
The ogre shouts!
Found a scroll of immolation, 10 stones and 12 gold pieces.
There is a stone staircase leading up here.
An ogre is nearby!
You reach to attack!
You impale the ogre!!
The ogre is severely wounded.
You completely miss the ogre.
The ogre is severely wounded.
The ogre hits you with a +0 giant club!!
You barely miss the ogre.
The ogre is severely wounded.
The ogre hits you with a +0 giant club!!
* * * LOW HITPOINT WARNING * * *
You are too injured to fight recklessly!
An ogre is nearby!
Throw: javelin
Press: ? - help, Q - select action Shift-Dir - straight line, f/p - ogre
Aim: an ogre, wielding a +0 giant club (severely wounded, 76% to hit)
Okay, then.
You hit the ogre.
The ogre is severely wounded.
The ogre hits you with a +0 giant club!
You die...

########
#####......
........###
#...O...#
.#.###..@?...##
.......<........
##.#####.....###
#.....# ....#.#
.(..$(# .######
#.


You could see an ogre.

Vanquished Creatures
  Pargi (Sewer)
  2 ogres (D:4)
  An iguana (D:4)
  Natasha (D:4)
  2 orc wizards (D:4)
  7 gnolls
  6 adders
  A river rat (D:3)
  4 dart slugs
  3 orcs
  10 ball pythons
  6 endoplasms
  2 giant cockroaches
  5 goblins
  5 hobgoblins
  10 jackals
  8 kobolds
  5 quokkas
  7 bats
  8 frilled lizards
  14 rats
  A spectral orc (D:3)
109 creatures vanquished.

Notes
Turn   | Place    | Note
-------+----------+-------------------------------------------
     0 | D:1      | Demosthentine the Demonspawn Gladiator began the quest for
                  | the Orb.
     0 | D:1      | Reached XP level 1. HP: 16/16 MP: 1/1
   290 | D:1      | Gained mutation: You are partially covered in razor-sharp
                  | scales. (AC +1, Slay +1) [demonic ancestry]
   290 | D:1      | Reached XP level 2. HP: 22/22 MP: 2/2
   506 | D:1      | Found a faded altar of an unknown god.
   682 | D:1      | Found Icereche's Jewellery Emporium.
   687 | D:1      | Reached skill level 1 in Armour
   758 | D:1      | Gained mutation: You are mostly covered in razor-sharp
                  | scales. (AC +2, Slay +2) [demonic ancestry]
   758 | D:1      | Reached XP level 3. HP: 26/28 MP: 3/3
  1282 | D:2      | Gained mutation: You have sharp fingernails. [demonic
                  | ancestry]
  1282 | D:2      | Reached XP level 4. HP: 24/34 MP: 4/4
  1930 | D:3      | Reached skill level 1 in Shields
  1966 | D:3      | Found a basalt altar of Yredelemnul.
  2114 | D:3      | Found a glowing drain.
  2122 | D:3      | Reached XP level 5. HP: 40/40 MP: 5/5
  2130 | Sewer    | Entered a sewer
  2207 | Sewer    | Noticed Pargi
  2221 | Sewer    | Killed Pargi
  2657 | D:3      | Gained mutation: A meltable shield of frost defends you.
                  | (SH +4) [demonic ancestry]
  2657 | D:3      | Reached XP level 6. HP: 47/47 MP: 6/6
  3030 | D:4      | Found an opulent altar of Gozag.
  3422 | D:4      | Reached XP level 7. HP: 30/53 MP: 7/7
  3546 | D:4      | Found a stormy altar of Qazlal.
  3885 | D:4      | Noticed Natasha
  3896 | D:4      | Killed Natasha
  3998 | D:5      | Entered Level 5 of the Dungeon
  4003 | D:5      | Mangled by an ogre

Illustrated notes

Levels and vault maps discovered:
D:1:      heliophobic_arrival_dark_side_of_the_moon, layout_basic, serial_shops,
          shop, shapermc_ecumenical_altar_starsandcircs
D:2:      layout_loops_ring, grunt_ministairs_3
D:3:      layout_basic, good_gods_mini_temple,
          yredelemnul_forgotten_temple_becter, portal_sewer_entry_c,
          minmay_pentangle
D:4:      layout_basic, nicolae_qazlal_scattered_showers,
          nicolae_gozag_seed_capital, grunt_decor_mini_mirrors,
          roderic_st_hans_cross, uniq_natasha
D:5:      layout_loops_ring, lemuel_round_altar, kennysheep_mini,
          minmay_temple_entry_glass, minivault_11

Skill      XL: |  1  2  3  4  5  6 |
---------------+-------------------+-----
Polearms       | 3 4 |  4.2
Armour         | 1 2 |  2.9
Dodging        | 3 4 |  4.2
Shields        | 1 2 |  2.5
Fighting       | 3 |  3.9
Throwing       | |  1.7

Action                     |  1- 3 |  4- 6 |  7- 9 || total
---------------------------+-------+-------+-------++-------
  Melee: Trident           |   144 |   155 |    30 ||   329
         Punch             |     2 |     1 |       ||     3
  Throw: Throwing net      |       |     3 |     1 ||     4
    Use: Scroll            |     1 |    11 |       ||    12
   Stab: Sleeping          |     2 |     2 |       ||     4
 Armour: Leather armour    |    55 |    70 |    12 ||   137
  Dodge: Dodged            |   106 |   109 |    19 ||   234
         Repelled          |     1 |     2 |       ||     3
  Block: Other             |       |    10 |     6 ||    16

Table legend: (Time is in decaauts)
 A = Elapsed time spent in this place.
 B = Non-inter-level travel time spent in this place.
 C = Inter-level travel time spent in this place.
 D = Time resting spent in this place.
 E = Time spent auto-exploring this place.
 F = Levels seen in this place.
 G = Mean time per level.
                   A        B        C        D        E       F      G
               +--------+--------+--------+--------+--------+-----+--------+
         Total |   4184 |   4057 |    127 |    246 |   2701 |   6 |  697.3 |
       Dungeon |   3888 |   3761 |    127 |    246 |   2510 |   5 |  777.6 |
         Sewer |    295 |    295 |      0 |      0 |    191 |   1 |  295.0 |
               +--------+--------+--------+--------+--------+-----+--------+

Top non-repeatable levels by time:
     D:4: 1213 daAuts
     D:2: 922 daAuts
     D:3: 880 daAuts
     D:1: 865 daAuts
   Sewer: 295 daAuts
     D:5: 6 daAuts
